 Dungeon Crawl Stone Soup version 0.25-a0-201-g0bb11aece9 (webtiles) character file.

Game seed: 17265374777512740412, levelgen mode: deterministic

925 floatRand the Sneak (level 8, -8/52 HPs)
             Began as an Octopode Fighter on Dec 2, 2019.
             Was a Follower of Dithmenos.
             Mangled by an orc warrior
             ... wielding a +0 war axe
              (22 damage)
             ... on level 6 of the Dungeon.
             The game lasted 00:07:40 (6542 turns).

floatRand the Sneak (Octopode Fighter)              Turns: 6542, Time: 00:07:40

Health: -8/52      AC:  1    Str: 17    XL:     8   Next: 10%
Magic:  8/8        EV: 12    Int: 10    God:    Dithmenos [*.....]
Gold:   280        SH: 11    Dex: 14    Spells: 7/7 levels left

rFire    . . .     SeeInvis .   x - +2 scimitar (vamp)
rCold    . . .     Gourm    .   b - +1 shield
rNeg     . . .     Faith    .   (helmet restricted)
rPois    .         Spirit   .   u - amulet of harm
rElec    .         Reflect  .   p - +2 ring of strength
rCorr    .         Harm     +   r - ring of fire
MR       .....                  h - ring of ice
Stlth    +++++.....             (no ring)
HPRegen  0.17/turn              (no ring)
MPRegen  0.11/turn              (no ring)
                                (no ring)
                                (no ring)

@: wreathed by umbra
A: almost no armour, stealthy swim, amphibious, 8 rings, constrict 8, camouflage
1, gelatinous body 1
a: Renounce Religion


You were on level 6 of the Dungeon.
You worshipped Dithmenos.
Dithmenos was aware of your devotion.
You were hungry.

You visited 1 branch of the dungeon, and saw 6 of its levels.

You collected 280 gold pieces.

Inventory:

Hand Weapons
 a - a +0 flail
 x - a +2 vampiric scimitar (weapon)
Armour
 b - a +1 shield (worn)
Jewellery
 h - a ring of ice (on tentacle)
 p - a +2 ring of strength (left tentacle)
 r - a ring of fire (right tentacle)
 u - an amulet of harm (around mantle)
 v - a cursed amulet of inaccuracy
 w - an uncursed ring of protection from fire
 y - an uncursed amulet of regeneration
Wands
 B - a wand of iceblast (12)
Scrolls
 f - 4 scrolls of teleportation {unknown}
 g - 3 scrolls of fear {unknown}
 i - a scroll of vulnerability {unknown}
 j - a scroll of fog {unknown}
 o - 5 scrolls of remove curse
 t - a scroll of magic mapping
Potions
 c - 5 potions of might
 e - a potion of mutation
 k - a potion of ambrosia {unknown}
 l - 3 potions of heal wounds {unknown}
 n - 3 potions of agility
 q - a potion of degeneration {unknown}
 s - 3 potions of flight {unknown}
 z - 3 potions of curing {unknown}
Comestibles
 d - 15 rations


   Skills:
 - Level 3.0 Fighting
 * Level 1.0 Long Blades
 - Level 5.5 Maces & Flails
 - Level 3.0 Dodging
 + Level 6.8 Stealth
 + Level 6.0 Shields


You had 7 spell levels left.
You didn't know any spells.
Your spell library contained the following spells:

 Spells                   Type           Power        Failure   Level  Hunger
 Flame Tongue             Conj/Fire      #....        77%         1    ##.....
 Throw Flame              Conj/Fire      #.....       88%         2    ###....
 Conjure Flame            Conj/Fire      #.......     98%         3    ####...
 Inner Flame              Hex/Fire       #.......     98%         3    ####...
 Sticky Flame             Conj/Fire      #.......     100%        4    #####..
 Fireball                 Conj/Fire      #.........   100%        5    ######.


Dungeon Overview and Level Annotations

Branches:
Dungeon (6/15)             Temple (0/1) D:4

Altars:
Dithmenos
Okawaru
Vehumet
Xom
Yredelemnul
Zin
The Shining One


Innate Abilities, Weirdness & Mutations

You cannot wear most types of armour.
You are very stealthy in the water. (Stealth+)
You are amphibious.
You can wear up to eight rings at the same time.
You can use your tentacles to constrict eight enemies at once.
Your skin changes colour to match your surroundings (Stealth+).
Your rubbery body absorbs attacks. (AC +1, EV +1)


Message History

Your grab misses the orc warrior. Your squeeze misses the orc warrior.
The orc warrior is lightly wounded.
The orc warrior barely misses you.
You slash the orc warrior! Your grab misses the orc warrior.
Your squeeze misses the orc warrior.
The orc warrior is severely wounded.
You block the orc warrior's attack.
You hit the orc warrior but do no damage.
You grab the orc warrior. You squeeze the orc warrior.
The orc warrior is severely wounded.
You constrict the orc warrior, but do no damage.
The orc warrior hits you with a +0 war axe!!
Ouch! That really hurt!
The orc warrior hits you with a +0 war axe!
* * * LOW HITPOINT WARNING * * *
You hit the orc warrior but do no damage.
The orc warrior is severely wounded.
You constrict the orc warrior, but do no damage.
The orc warrior hits you with a +0 war axe!!
You die...

...##'##.#....#####....#.
#......#.##......##....#.
#......#..#......#.....#.
#......#..#......#.....#.
#..o...#..#..<...#.....#.
#......#..#......#.....#.
##......####......#######.
....o.(.o#..##.............
.........#@..#.............
.........o...#.............
.........#...#.............
.........#.#...............
######################'####
#.......... ### #..........
#.#####..##..##.
#######....##..##..##.


You could see an orc warrior.

Vanquished Creatures
  A sky beast (D:6)
  A bullfrog (D:6)
  A scorpion (D:4)
  A crimson imp (D:4)
  A centaur zombie (D:5)
  A hound (D:6)
  A jelly (D:6)
  2 bullfrog skeletons
  3 orc priests
  2 iguanas (D:3)
  3 orc wizards
  3 worker ants
  A hound skeleton (D:6)
  A howler monkey zombie (D:5)
  A gnoll (D:5)
  6 adders
  A shadow imp (D:4)
  3 oozes
  An adder zombie (D:5)
  A worm (D:2)
  5 dart slugs
  4 leopard geckos
  21 orcs
  2 giant cockroaches
  11 goblins
  6 hobgoblins
  2 jackals
  9 kobolds
  A quokka (D:3)
  6 bats
  5 frilled lizards
  A leopard gecko zombie (D:5)
  A quokka skeleton (D:5)
  3 rats
112 creatures vanquished.

Notes
Turn   | Place    | Note
-------+----------+-------------------------------------------
     0 | D:1      | floatRand the Octopode Fighter began the quest for the Orb.
     0 | D:1      | Reached XP level 1. HP: 16/16 MP: 1/1
   125 | D:1      | Reached XP level 2. HP: 12/21 MP: 2/2
  1105 | D:2      | Reached XP level 3. HP: 26/26 MP: 3/3
  1533 | D:2      | Found a glowing silver altar of Zin.
  2020 | D:3      | Found a shimmering altar of Xom.
  2021 | D:3      | Found a shimmering altar of Xom.
  2021 | D:3      | Found a shimmering altar of Xom.
  2021 | D:3      | Found a shimmering altar of Xom.
  2021 | D:3      | Found a shimmering altar of Xom.
  2122 | D:3      | Reached XP level 4. HP: 23/31 MP: 4/4
  2366 | D:3      | Found an iron altar of Okawaru.
  2367 | D:3      | Found a basalt altar of Yredelemnul.
  2367 | D:3      | Found a shadowy altar of Dithmenos.
  2373 | D:3      | Found a transporter.
  2385 | D:3      | Found a transporter.
  2695 | D:3      | Reached XP level 5. HP: 8/36 MP: 5/5
  2829 | D:3      | Became a worshipper of Dithmenos the Shadowed
  3296 | D:4      | Reached XP level 6. HP: 32/42 MP: 6/6
  3635 | D:4      | Found a staircase to the Ecumenical Temple.
  4033 | D:4      | Found a glowing golden altar of the Shining One.
  4144 | D:5      | Entered Level 5 of the Dungeon
  4276 | D:5      | Reached skill level 5 in Shields
  4369 | D:5      | Reached skill level 5 in Stealth
  4369 | D:5      | Reached XP level 7. HP: 33/46 MP: 7/7
  5424 | D:6      | Reached * piety under Dithmenos
  5491 | D:6      | Reached skill level 5 in Maces & Flails
  6126 | D:6      | Found a radiant altar of Vehumet.
  6161 | D:6      | Reached XP level 8. HP: 52/52 MP: 8/8
  6352 | D:6      | Reached skill level 1 in Long Blades
  6542 | D:6      | Mangled by an orc warrior

Levels and vault maps discovered:
D:1:      dpeg_arrival_tiny_a, layout_basic
D:2:      layout_basic, lemuel_round_altar
D:3:      layout_loops_cross, gammafunk_temple_overflow_arena, xom_redecorated
D:4:      layout_loops_ring, tso_oasis_becter, minmay_temple_entry_crystal_x,
          first_ration, eino_curves_03
D:5:      minmay_bubble_buster, layout_gridville, minmay_misc_feat_ornament,
          kennysheep_decorative_pillar
D:6:      layout_gridville, kennysheep_mini_moat

Skill      XL: |  1  2  3  4  5  6  7  8 |
---------------+-------------------------+-----
Maces & Flails | 3 4 5 |  5.5
Shields        | 4 5 6 |  6.0
Stealth        | 3 5 6 |  6.8
Long Blades    | 1 |  1.0
Fighting       | |  3.0
Dodging        | |  3.0

Action                   |  1- 3 |  4- 6 |  7- 9 || total
-------------------------+-------+-------+-------++-------
Melee: Flail             |    70 |    81 |    80 ||   231
       Constrict         |    19 |    21 |    20 ||    60
       Tentacles         |    10 |    20 |    18 ||    48
       Scimitar          |       |       |    14 ||    14
  Use: Scroll            |       |       |    12 ||    12
 Stab: Sleeping          |     3 |     4 |    11 ||    18
  Eat: Chunk             |     4 |     7 |     6 ||    17
Armor: Skin              |     5 |     3 |     6 ||    14
Dodge: Dodged            |    29 |    39 |    46 ||   114
Block: Shield            |    31 |    47 |    34 ||   112

Table legend:
 A = Non-vault XP
 B = Vault XP
 C = Vault XP percentage of total XP
 D = Non-vault monster count
 E = Vault monster count
 F = Vault count percentage of total count
                 A         B        C        D         E       F
            +---------+---------+-------+---------+---------+-------
      Total |    1198 |     124 |   9.4 |     101 |      11 |   9.8
            +---------+---------+-------+---------+---------+-------
        D:1 |      26 |       0 |   0.0 |      15 |       0 |   0.0
        D:2 |      31 |       0 |   0.0 |      14 |       0 |   0.0
        D:3 |     107 |      41 |  27.7 |      25 |       4 |  13.8
        D:4 |     279 |       0 |   0.0 |      11 |       0 |   0.0
        D:5 |     225 |      83 |  26.9 |      14 |       7 |  33.3
        D:6 |     530 |       0 |   0.0 |      22 |       0 |   0.0
            +---------+---------+-------+---------+---------+-------
